 Dungeon Sprint DCSS version 0.31-a0-986-g5e6e4ef867 (webtiles) character file.

Game seed: 10289784522110250439

163063 rocky1 the Shapeless Minotaur (level 16, -4/180 HPs)
             Began as a Minotaur Shapeshifter on Nov 13, 2023.
             Was an Initiate of Gozag.
             Slain by a frost giant
             ... wielding a +4 battleaxe of freezing
              (29 damage)
             ... in the Dungeon (Sprint III: "The Ten Rune Challenge").
             The game lasted 00:45:30 (9203 turns).

rocky1 the Shapeless Minotaur (MiSh)                Turns: 9203, Time: 00:45:30

Health: -4/180     AC: 15    Str: 25    XL:     16   Next: 24%
Magic:  15/15      EV: 43    Int: 10    God:    Gozag
Gold:   3815       SH:  0    Dex: 12    Spells: 15/15 levels left

rFire   . .          .
                       - Unarmed
rCold   + . .        (shield currently unavailable)
rNeg    . . .        r - melded +0 scale mail {rF+}
rPois   ∞            y - melded +1 hat {Stlth+}
rElec   +            (cloak currently unavailable)
rCorr   .            K - melded +1 pair of gloves
SInv    .            p - melded +0 pair of boots of Integrity {rC+}
Will    ++...        B - amulet of Vitality {RegenMP++ Regen++}
Stlth   +++          s - ring "Lugyrap" {rPois rC+ Will+ Int+3}
HPRegen 2.90/turn    m - +4 ring of slaying
MPRegen 0.94/turn

%: no teleportation
@: storm-form, gold aura, flying, studying 2 skills
A: cleaving, insubstantial, flying, (horns 3), (retaliatory headbutt),
regeneration 1, wild magic 1
}: 3/10 runes: serpentine, barnacled, demonic
a: Blinkbolt, Begin Untransformation, Renounce Religion, Potion Petition, Call
Merchant, Bribe Branch


You were in the Dungeon.
You worshipped Gozag.
Gozag was most pleased with you.
You were a lightning-filled tempest!
You visited 1 branch You collected 25019 gold pieces.
You spent 9696 gold pieces at shops.
You paid 11508 gold pieces to Gozag.

Inventory:

Hand Weapons
 O - the +11 plutonium sword {Contam Stlth-}
   (You bought it in a shop in the Dungeon)

   Contam:    It causes magical contamination when unequipped.
   Stlth-:    It makes you less stealthy.
Missiles
 x - 14 silver javelins
Armour
 p - the +0 pair of boots of Integrity (melded) {rC+}
   (You acquired it in the Dungeon)

   rC+:       It protects you from cold.
 r - a +0 scale mail of fire resistance (melded)
 t - a +1 robe of willpower
 y - a +1 hat of stealth (melded)
 F - a +0 cloak
 H - a +0 pair of gloves
 K - a +1 pair of gloves (melded)
 R - the +4 plate armour "Foiji" {rElec Will+ Int+3}
   (You took it off a deep elf high priest in the Dungeon)

   Int+3:     It affects your intelligence (+3).
   rElec:     It insulates you from electricity.
   Will+:     It increases your willpower.
 U - the +1 ring mail "Morphemp" {Int+4 Stlth+}
   (You found it in the Dungeon)

   Int+4:     It affects your intelligence (+4).
   Stlth+:    It makes you more stealthy.
Jewellery
 e - a ring of flight
 i - the ring of Pessimism {rPois Will+ Str+9 Dex-2}
   (You found it in the Dungeon)

   [ring of willpower]

   Str+9:     It affects your strength (+9).
   Dex-2:     It affects your dexterity (-2).
   rPois:     It protects you from poison Will+: It increases your willpower.
 m - a +4 ring of slaying (right fist)
 s - the ring "Lugyrap" (left fist) {rPois rC+ Will+ Int+3}
   (You bought it in a shop in the Dungeon)

   [ring of willpower]

   Int+3:     It affects your intelligence (+3).
   rC+:       It protects you from cold.
   rPois:     It protects you from poison Will+: It increases your willpower.
 B - the amulet of Vitality (around neck) {RegenMP++ Regen++}
   (You bought it in a shop in the Dungeon)

   [amulet of magic regeneration]

   RegenMP:   It increases your rate of magic regeneration.
   Regen++:   It increases your rate of health regeneration.
 G - the ring "Botriobri" {rC+ AC+4 Int+5}
   (You found it in the Dungeon)

   [ring of protection]

   AC+4:      It affects your AC (+4).
   Int+5:     It affects your intelligence (+5).
   rC+:       It protects you from cold.
Talismans
 c - a beast talisman
 d - a flux talisman
 k - a granite talisman
 J - a storm talisman (active)
Wands
 f - a wand of iceblast (4)
 T - a wand of digging (2)
Scrolls
 a - a scroll of vulnerability
 j - 3 scrolls of blinking
 o - a scroll of poison
 w - 2 scrolls of enchant weapon
 z - a scroll of fog
 A - 5 scrolls of amnesia
 I - a scroll of fear
 L - 2 scrolls of torment
 M - a scroll of immolation
 N - a scroll of summoning
 P - 2 scrolls of revelation
 Q - a scroll of brand weapon
 S - a scroll of identify
Potions
 g - 3 potions of haste
 h - 3 potions of magic
 l - 2 potions of mutation
 n - 8 potions of enlightenment
 u - 2 potions of brilliance
 v - 5 potions of heal wounds
 C - 5 potions of curing
 D - 2 potions of might
 E - 2 potions of attraction
 W - 2 potions of cancellation
 X - a potion of invisibility
 Y - a potion of resistance
 Z - a potion of lignification
Miscellaneous
 b - a phantom mirror
 q - a condenser vane


   Skills:
 + Level 26.3 Fighting
 - Level 0.6 Throwing
 - Level 8.9 Armour
 - Level 11.2 Dodging
 - Level 6.9 Stealth
 O Level 27 Unarmed Combat
 O Level 27 Shapeshifting


You had 15 spell levels left.
You didn't know any spells.
Your spell library contained the following spells:

 Spells                   Type           Power      Damage    Failure   Level
 Blink                    Tloc           0%         N/A       58%         2
 Stone Arrow              Conj/Erth      0%         3d7       82%         3
 Animate Armour           Summ/Erth      0%         N/A       99%         4
 Manifold Assault         Tloc           0%         N/A       99%         4
 Lehudib's Crystal Spear  Conj/Erth      0%         10d2      100%        8


Dungeon Overview and Level Annotations

Branches:
Dungeon (1/1)

Altars:
Cheibriados
Dithmenos
Elyvilon
Fedhas
Gozag
Hepliaklqana
Kikubaaqudgha
Makhleb
Nemelex Xobeh
Okawaru
Qazlal
Ru
Sif Muna
Trog
Uskayaw
Vehumet
Wu Jian
Xom
Yredelemnul
Zin
The Shining One
Jiyva
Lugonu

Shops:
D [?=*==*=!:[[![[=*=?**(*[:!!==*


Innate Abilities, Weirdness & Mutations

You are a lightning-filled tempest!
Your electrical attacks strike out in all directions at once.
You are incredibly evasive.
Your insubstantial body is immune to petrification, constriction, and being set on fire You are flying.
Your armour is entirely melded.
You are incapable of wielding weapons or throwing items.
You are immune to poison.
((You have a pair of large horns on your head.))
((You reflexively headbutt those who attack you in melee.))
Your natural rate of healing is unusually fast.
Your spells are a little harder to cast, but a little more powerful.


Message History

Lightning courses through the Orb Guardian!!
The Orb Guardian is almost dead.
You barely miss the Orb Guardian.
The Orb Guardian completely misses you. x2
The Orb Guardian hits you!!!
You are too injured to fight recklessly!
You are too injured to fight recklessly!
You are too injured to fight recklessly!
Unknown command.
You buffet the Orb Guardian!
You punch the Orb Guardian.
You kill the Orb Guardian!
You blast the Orb Guardian!!!
The Orb Guardian misses you.
Unknown command.
You are too injured to fight recklessly!
Unknown command.
You are too injured to fight recklessly!
You are too injured to fight recklessly!
You barely miss the Orb Guardian.
The Orb Guardian is heavily wounded.
The Orb Guardian hits you!!!
* * * LOW HITPOINT WARNING * * *
You blast the Orb Guardian!!!!
You kill the Orb Guardian!
You closely miss the moth of wrath.
You buffet the frost giant!
Lightning courses through the frost giant!
Your Fighting skill increases to level 26!
Unknown command.
You buffet the frost giant!
The frost giant is moderately wounded.
You batter the moth of wrath!!
The moth of wrath completely misses you.
The frost giant misses you.
You batter the moth of wrath!!
You kill the moth of wrath!
You barely miss the frost giant.
You blast the fire giant!!!!
You batter the frost giant!!
The frost giant is heavily wounded.
You hit the fire giant. The fire giant completely misses you.
The frost giant hits you with a +4 battleaxe of freezing!!
You die...
Your body crumbles into a pile of gold.

#######+###▓..#.^#+########^.#
#..'~⌠...≈.▓..#..#...........#
'..#~~)≈.≈.▓..'..#...........#
#..#.≈.≈.≈.▓##################
#..#...≈...▓▓▓▓▓▓▓▓***********
#######'###▓.'..^^▓,,+,,,*,,,*
.#.#.#.#.#.▓.▓....▓,**,,,*,^,*
#.#.#.#.#.#▓.▓.^..▓,,*~~~*,,,*
.#.#.#.#.#.▓.▓▓▓v▓▓*,*~~~*,*,*
▓▓▓▓▓▓▓▓▓▓▓▓.▓.CC$▓,,*,,,*,*,*
...)'.^.^▓.'.▓....▓,**,,,*,*,*
.)))▓....▓.▓▓▓....▓,,*****,*,*
..).▓^...▓)▓,+....▓*,*,,,*,*,*
....▓^...▓.▓,▓▓▓▓▓▓,,*,,,*,*+*
....▓.^..▓.▓,,,,,,+,**,,,+,*,*
....▓..^.'.▓******************
▓▓▓▓▓▓▓▓▓▓▓▓


You could see a frost giant and a fire giant.

Vanquished Creatures
  Mara (D)
  Mennas (D)
  A Killer Klown (D)
  Boris (D)
  Sigmund (D)
  Nikola (D)
  A bone dragon (D)
  Nellie (D)
  Rupert (D)
  2 Orb Guardians (D)
  A deep elf master archer (D)
  2 sphinxes (D)
  6 deep elf blademasters (D)
  An ancient champion (D)
  Gastronok (D)
  An Executioner (D)
  Chuck (D)
  A storm dragon (D)
  Polyphemus (D)
  A draconian knight (D)
  4 azure jellies (D)
  Ilsuiw (D)
  A nagaraja (D)
  2 deep elf demonologists (D)
  A deep elf annihilator (D)
  A yellow draconian (D)
  4 vampire knights (D)
  2 dire elephants (D)
  Azrael (D)
  Nessos (D)
  A minotaur (shapeshifter) (D)
  Snorg (D)
  A merfolk javelineer (D)
  A deep elf death mage (D)
  A fire dragon (D)
  5 mummy priests (D)
  4 yaktaur captains (D)
  A deep elf high priest (D)
  2 hydras (D)
  6 anacondas (D)
  A vault guard (D)
  2 centaur warriors (D)
  4 dancing weapons (D)
  A naga warrior (D)
  4 death yaks (D)
  5 orc high priests (D)
  A titan zombie (D)
  Urug (D)
  3 deep elf knights (D)
  5 skeletal warriors (D)
  A shadow wraith (D)
  A death drake (D)
  3 golden dragon zombies (D)
  A glowing orange brain (D)
  A spriggan druid (D)
  An anaconda zombie (D)
  A sea snake (D)
  3 deep elf pyromancers (D)
  3 orc knights (D)
  An orange crystal statue (D)
  A lindwurm (D)
  3 deep elf zephyrmancers (D)
  2 oklob plants (D)
  4 crystal guardians (D)
  An orc sorcerer (D)
  2 ugly things (D)
  A moth of wrath (D)
  A faun (shapeshifter) (D)
  A shining eye (D)
  2 elephants (D)
  A stone giant skeleton (D)
  A guardian serpent (D)
  An iron troll simulacrum (D)
  5 black mambas (D)
  A molten gargoyle (D)
  8 statues (D)
  Edmund (D)
  2 cane toads (D)
  2 unseen horrors (D)
  A komodo dragon (D)
  4 yaktaurs (D)
  A rime drake (D)
  An anaconda simulacrum (D)
  10 guardian mummies (D)
  A queen bee (D)
  4 spriggan defenders (D)
  2 tyrant leeches (D)
  3 hornets (D)
  3 dream sheep (D)
  2 glass eyes (D)
  8 blink frogs (D)
  8 slime creatures (D)
  2 spriggans (D)
  A shadow (D)
  A golden eye (D)
  3 wandering mushrooms (D)
  3 redbacks (D)
  2 nagas (D)
  A spatial vortex (D)
  2 water moccasins (D)
  A hydra simulacrum (D)
  A swamp drake (D)
  A fire dragon simulacrum (D)
  An orc warrior (D)
  2 centaurs (D)
  An earth elemental (D)
  A necrophage (D)
  A water elemental (D)
  A scorpion (D)
  32 killer bees (D)
  3 electric eels (D)
  A jelly (D)
  2 orc priests (D)
  An arcanist (D)
  2 orc wizards (D)
  5 necromancers (D)
  A polar bear simulacrum (D)
  A wolf simulacrum (D)
  A kobold demonologist (D)
  3 humans (D)
  3 adders (D)
  2 adder simulacra (D)
  9 orcs (D)
  A bat zombie (D)
  An endoplasm (D)
  A ball python simulacrum (D)
  A ball python zombie (D)
  3 rats (D)
  2 ball lightnings (D)
  A ballistomycete spore (D)
300 creatures vanquished.

Vanquished Creatures (others)
  2 electric eels (D)
  4 ball lightnings (D)
  A ballistomycete spore (D)
7 creatures vanquished.

Grand Total: 307 creatures vanquished

Notes
Turn   | Place    | Note
-------+----------+-------------------------------------------
     0 | D        | rocky1 the Minotaur Shapeshifter began the quest for the
                  | Orb.
     0 | D        | Reached XP level 1. HP: 16/16 MP: 0/0
    34 | D        | Noticed a scorpion
    41 | D        | Killed a scorpion
    42 | D        | Reached XP level 2. HP: 13/23 MP: 1/1
    42 | D        | Reached XP level 3. HP: 15/28 MP: 2/2
   302 | D        | Reached skill level 5 in Shapeshifting
   302 | D        | Reached XP level 4. HP: 19/35 MP: 3/3
   475 | D        | Noticed a water elemental
   482 | D        | Killed a water elemental
   782 | D        | Gained mutation: You have hidden genetic defects. [potion
                  | of mutation]
   783 | D        | Lost mutation: You have hidden genetic defects. [potion of
                  | mutation]
   783 | D        | Gained mutation: You have hidden genetic potential. [potion
                  | of mutation]
   783 | D        | Gained mutation: Your mind is acute. (Int +4, Str/Dex -1)
                  | [potion of mutation]
   783 | D        | Gained mutation: You are resistant to electric shocks.
                  | (rElec) [potion of mutation]
   808 | D        | Reached XP level 5. HP: 12/41 MP: 4/4
  1085 | D        | Noticed a shadow
  1089 | D        | Killed a shadow
  1090 | D        | Reached skill level 5 in Dodging
  1090 | D        | Reached skill level 1 in Stealth
  1090 | D        | Reached XP level 6. HP: 15/48 MP: 5/5
  1101 | D        | Gained mutation: Your spells are a little harder to cast,
                  | but a little more powerful. [hidden potential]
  1212 | D        | Found a blossoming altar of Fedhas.
  1212 | D        | Found a stormy altar of Qazlal.
  1212 | D        | Found a snail-covered altar of Cheibriados.
  1212 | D        | Found a burning altar of Makhleb.
  1212 | D        | Found a shimmering altar of Xom.
  1212 | D        | Noticed a spatial vortex
  1213 | D        | Found a hazy altar of Hepliaklqana.
  1213 | D        | Found an opulent altar of Gozag.
  1213 | D        | Found a sparkling altar of Nemelex Xobeh.
  1213 | D        | Found a corrupted altar of Lugonu.
  1213 | D        | Found a viscous altar of Jiyva.
  1217 | D        | Became a worshipper of Gozag Ym Sagoz the Greedy
  1228 | D        | Killed a spatial vortex
  1229 | D        | Reached skill level 10 in Unarmed Combat
  1252 | D        | Found a basalt altar of Yredelemnul.
  1252 | D        | Found a shadowy altar of Dithmenos.
  1252 | D        | Found a sacrificial altar of Ru.
  1256 | D        | Reached XP level 7. HP: 56/56 MP: 6/6
  1374 | D        | Found a radiant altar of Vehumet.
  1374 | D        | Found a shimmering blue altar of Sif Muna.
  1374 | D        | Found an ancient bone altar of Kikubaaqudgha.
  1399 | D        | Found a glowing silver altar of Zin.
  1399 | D        | Found a glowing golden altar of the Shining One.
  1399 | D        | Found a white marble altar of Elyvilon.
  1400 | D        | Noticed a deep elf pyromancer
  1405 | D        | Noticed a fire elemental
  1405 | D        | Noticed a fire elemental
  1406 | D        | Killed a deep elf pyromancer
  1407 | D        | Reached XP level 8. HP: 40/62 MP: 7/7
  1422 | D        | Gained mutation: You possess an exceptional clarity of
                  | mind. [hidden potential]
  1422 | D        | Lost mutation: You have hidden genetic potential. [hidden
                  | potential expressed]
  1487 | D        | Found a hide-covered altar of Uskayaw.
  1487 | D        | Found an iron altar of Okawaru.
  1487 | D        | Found a bloodstained altar of Trog.
  1487 | D        | Found an ornate altar of the Wu Jian Council.
  1776 | D        | Noticed Snorg
  1784 | D        | Killed Snorg
  1785 | D        | Reached skill level 15 in Unarmed Combat
  1785 | D        | Reached XP level 9. HP: 70/70 MP: 8/8
  1969 | D        | Reached skill level 1 in Armour
  1969 | D        | Reached skill level 10 in Shapeshifting
  2012 | D        | Noticed a centaur warrior
  2016 | D        | Killed a centaur warrior
  2112 | D        | Noticed an unseen horror
  2116 | D        | Killed an unseen horror
  2123 | D        | Noticed an unseen horror
  2142 | D        | Killed an unseen horror
  2143 | D        | Reached skill level 5 in Armour
  2364 | D        | Noticed Sigmund
  2364 | D        | Noticed Edmund
  2380 | D        | Killed Sigmund
  2381 | D        | Reached skill level 5 in Stealth
  2381 | D        | Reached XP level 10. HP: 8/83 MP: 9/9
  2387 | D        | Killed Edmund
  2627 | D        | Reached skill level 10 in Dodging
  2688 | D        | Noticed a cane toad
  2688 | D        | Noticed a cane toad
  2694 | D        | Killed a cane toad
  2697 | D        | Killed a cane toad
  3131 | D        | Noticed a lindwurm
  3139 | D        | Killed a lindwurm
  3140 | D        | Reached XP level 11. HP: 50/94 MP: 10/10
  3272 | D        | Noticed Urug
  3281 | D        | Killed Urug
  3758 | D        | Noticed an orc high priest
  3759 | D        | Noticed an orc knight
  3759 | D        | Noticed an orc knight
  3759 | D        | Noticed an orc high priest
  3760 | D        | Noticed an orc sorcerer
  3762 | D        | Killed an orc knight
  3762 | D        | Killed an orc high priest
  3762 | D        | Killed an orc sorcerer
  3778 | D        | Killed an orc high priest
  3780 | D        | Killed an orc knight
  3946 | D        | Found Sunn's Jewellery Shop.
  4047 | D        | Bought a ring of flight for 227 gold pieces
  4047 | D        | Bought a +4 ring of slaying for 1014 gold pieces
  4047 | D        | Bought the ring "Lugyrap" {rPois rC+ Will+ Int+3} for 643
                  | gold pieces
  4055 | D        | Bought a shiny pearl ring for 105 gold pieces
  4055 | D        | Bought a glowing green potion for 18 gold pieces
  4055 | D        | Bought a potion of heal wounds for 105 gold pieces
  4055 | D        | Bought a scroll labelled INI SAMPEARCH for 21 gold pieces
  4055 | D        | Bought 2 scrolls of identify for 84 gold pieces
  4060 | D        | Bought a granite talisman for 720 gold pieces
  4181 | D        | Noticed a soul eater
  4188 | D        | Noticed a sixfirhy
  4189 | D        | Noticed a soul eater
  4191 | D        | Noticed a sixfirhy
  4242 | D        | Noticed a yaktaur captain
  4252 | D        | Noticed a skeletal warrior
  4253 | D        | Killed a skeletal warrior
  4254 | D        | Reached XP level 12. HP: 87/106 MP: 11/11
  4303 | D        | Found Qeapuol's Antique Weapon Emporium.
  4303 | D        | Found Loukhly's Antique Armour Shop.
  4303 | D        | Found Cuinosm's General Store.
  4303 | D        | Found Joanlu's Jewellery Shoppe.
  4303 | D        | Found Zeluac's General Store.
  4303 | D        | Found Jaciesutz's Assorted Antiques.
  4303 | D        | Found Duykaoji's Distillery.
  4303 | D        | Found Zuconoets's Magic Scroll Shop.
  4303 | D        | Found Ehuwim's Distillery.
  4303 | D        | Found Hokh's Jewellery Emporium.
  4303 | D        | Found Rodas's Book Boutique.
  4328 | D        | Bought a scroll of blinking for 82 gold pieces
  4328 | D        | Bought a +0 pair of gloves for 49 gold pieces
  4330 | D        | Bought a scroll of fog for 44 gold pieces
  4330 | D        | Bought a scroll of revelation for 82 gold pieces
  4331 | D        | Bought the amulet of Vitality {RegenMP++ Regen++} for 1100
                  | gold pieces
  4331 | D        | Found the amulet of Vitality {RegenMP++ Regen++}
  4352 | D        | Bought a potion of enlightenment for 70 gold pieces
  4352 | D        | Bought a potion of curing for 42 gold pieces
  4352 | D        | Bought a potion of curing for 42 gold pieces
  4352 | D        | Bought a potion of enlightenment for 70 gold pieces
  4352 | D        | Bought a potion of heal wounds for 70 gold pieces
  4355 | D        | Bought a potion of heal wounds for 55 gold pieces
  4355 | D        | Bought a potion of mutation for 88 gold pieces
  4355 | D        | Bought a potion of heal wounds for 55 gold pieces
  4355 | D        | Bought a potion of might for 44 gold pieces
  4359 | D        | Bought an embroidered scarf for 176 gold pieces
  4359 | D        | Bought a pair of runed boots for 165 gold pieces
  4363 | D        | Bought a scroll labelled BYRRI CUUPTIA for 25 gold pieces
  4363 | D        | Bought a coppery potion for 22 gold pieces
  4363 | D        | Bought a potion of curing for 75 gold pieces
  4520 | D        | Identified the ring "Botriobri" {rC+ AC+4 Int+5}
  4528 | D        | Noticed a fire dragon
  4533 | D        | Killed a fire dragon
  4534 | D        | Reached skill level 15 in Shapeshifting
  4545 | D        | Noticed a centaur warrior
  4550 | D        | Killed a centaur warrior
  4735 | D        | Noticed a yaktaur captain
  4737 | D        | Reached skill level 10 in Fighting
  4779 | D        | Killed a yaktaur captain
  4811 | D        | Noticed a minotaur
  4816 | D        | Killed a minotaur
  4818 | D        | Noticed Chuck
  4824 | D        | Killed Chuck
  4865 | D        | Noticed a shadow dragon
  4865 | D        | Noticed an ogre mage
  4865 | D        | Noticed a shadow dragon
  4918 | D        | Reached XP level 13. HP: 117/117 MP: 12/12
  4979 | D        | Noticed a vampire knight
  4984 | D        | Killed a vampire knight
  5007 | D        | Noticed a vampire knight
  5009 | D        | Killed a vampire knight
  5199 | D        | Noticed a bone dragon
  5204 | D        | Killed a bone dragon
  5211 | D        | Noticed a mummy priest
  5212 | D        | Noticed a sphinx
  5212 | D        | Noticed a sphinx
  5215 | D        | Paralysed by a sphinx for 3 turns
  5220 | D        | Killed a mummy priest
  5223 | D        | Killed a sphinx
  5224 | D        | Killed a sphinx
  5225 | D        | Reached skill level 15 in Fighting
  5302 | D        | Noticed a mummy priest
  5302 | D        | Noticed a mummy priest
  5313 | D        | Killed a mummy priest
  5341 | D        | Killed a mummy priest
  5381 | D        | Noticed a mummy priest
  5387 | D        | Killed a mummy priest
  5579 | D        | Bought 2 potions of enlightenment for 290 gold pieces
  5579 | D        | Bought a potion of haste for 290 gold pieces
  5579 | D        | Bought a scroll labelled DURRALU VECI for 29 gold pieces
  5579 | D        | Bought a potion of might for 116 gold pieces
  5579 | D        | Bought an iron wand for 116 gold pieces
  5579 | D        | Bought a scorched chain mail for 275 gold pieces
  5579 | D        | Identified the +2 chain mail "Osaukoc" {Rampage rN+ Str+3
                  | Slay-5} (You bought it in a shop in the Dungeon)
  5579 | D        | Bought a scroll of immolation for 116 gold pieces
  5579 | D        | Bought a scroll labelled FOUBO URHE for 29 gold pieces
  5720 | D        | Noticed Azrael
  5723 | D        | Killed Azrael
  5823 | D        | Found a blossoming altar of Fedhas.
  5846 | D        | Reached XP level 14. HP: 140/140 MP: 13/13
  5978 | D        | Identified the +1 ring mail "Morphemp" {Int+4 Stlth+}
  6111 | D        | Noticed Polyphemus
  6116 | D        | Killed Polyphemus
  6129 | D        | Noticed Ilsuiw
  6136 | D        | Killed Ilsuiw
  6143 | D        | Found Lacocouv's Distillery.
  6143 | D        | Found Faczewn's Book Shop.
  6143 | D        | Found Qyczo's Antique Armour Shoppe.
  6169 | D        | Got a barnacled rune of Zot
  6184 | D        | Bought a potion of heal wounds for 50 gold pieces
  6184 | D        | Bought a potion of cancellation for 80 gold pieces
  6184 | D        | Bought a potion of invisibility for 80 gold pieces
  6184 | D        | Bought a potion of resistance for 100 gold pieces
  6184 | D        | Bought a potion of cancellation for 80 gold pieces
  6184 | D        | Bought a potion of curing for 30 gold pieces
  6184 | D        | Bought a potion of enlightenment for 50 gold pieces
  6239 | D        | Noticed Rupert
  6246 | D        | Killed Rupert
  6254 | D        | Noticed an azure jelly
  6254 | D        | Noticed an azure jelly
  6254 | D        | Noticed an azure jelly
  6254 | D        | Noticed an azure jelly
  6256 | D        | Noticed Gastronok
  6275 | D        | Killed Gastronok
  6282 | D        | Killed an azure jelly
  6285 | D        | Killed an azure jelly
  6288 | D        | Killed an azure jelly
  6291 | D        | Killed an azure jelly
  6311 | D        | Acquired the +0 pair of boots of Integrity {rC+}
  6465 | D        | Noticed a nagaraja
  6467 | D        | Found Voxuim's Antique Armour Boutique.
  6467 | D        | Found Afelen's Magic Scroll Emporium.
  6469 | D        | Found Dunnoem's Jewellery Shop.
  6474 | D        | Killed a nagaraja
  6501 | D        | Got a serpentine rune of Zot
  6516 | D        | Bought a storm talisman for 800 gold pieces
  6518 | D        | Bought a pair of embroidered gloves for 172 gold pieces
  6533 | D        | Bought the +11 plutonium sword {Contam Stlth-} for 1700
                  | gold pieces
  6533 | D        | Found the +11 plutonium sword {Contam Stlth-}
  6638 | D        | Noticed Nellie
  6649 | D        | Killed Nellie
  6661 | D        | Got a demonic rune of Zot
  6762 | D        | Noticed an Executioner
  6868 | D        | Identified the staff "Pamet" {rPois rN+ Stlth+ Necro}
  6868 | D        | Identified the +4 plate armour "Foiji" {rElec Will+ Int+3}
  6870 | D        | Noticed a deep elf master archer
  6876 | D        | Noticed a Brimstone Fiend
  6884 | D        | Reached XP level 15. HP: 49/156 MP: 14/14
  6887 | D        | Killed a deep elf master archer
  6989 | D        | Identified the ring of Pessimism {rPois Will+ Str+9 Dex-2}
  7286 | D        | Noticed Boris
  7302 | D        | Killed Boris
  7328 | D        | Found Wadwu's Armour Emporium.
  7328 | D        | Found Hasural's Armour Shop.
  7328 | D        | Found Uxtobod's Distillery.
  7328 | D        | Found Tesus's Armour Shoppe.
  7596 | D        | Noticed Mennas
  7610 | D        | Killed Mennas
  7948 | D        | Noticed Mara
  7954 | D        | Noticed rocky1's illusion
  7954 | D        | Killed Mara
  7976 | D        | Noticed an ancient champion
  7980 | D        | Killed an ancient champion
  8342 | D        | Noticed Nikola
  8342 | D        | Noticed a storm dragon
  8349 | D        | Killed a storm dragon
  8358 | D        | Killed Nikola
  8439 | D        | Found Gugev's Distillery.
  8667 | D        | Noticed a black draconian knight
  8675 | D        | Killed a black draconian knight
  8699 | D        | Noticed an Executioner
  8705 | D        | Killed an Executioner
  8706 | D        | Reached skill level 27 in Shapeshifting
  8724 | D        | Noticed Nessos
  8727 | D        | Reached skill level 27 in Unarmed Combat
  8728 | D        | Killed Nessos
  8847 | D        | Gained mutation: You are frail. (-10% HP) [a shining eye]
  8851 | D        | Gained mutation: Your magical capacity is low. (-10% MP) [a
                  | shining eye]
  8871 | D        | Noticed a deep elf blademaster
  8871 | D        | Noticed a deep elf blademaster
  8871 | D        | Noticed a deep elf blademaster
  8871 | D        | Noticed a deep elf blademaster
  8882 | D        | Killed a deep elf blademaster
  8886 | D        | Killed a deep elf blademaster
  8887 | D        | Reached XP level 16. HP: 78/153 MP: 13/13
  8887 | D        | Noticed a deep elf blademaster
  8891 | D        | Noticed a deep elf blademaster
  8892 | D        | Killed a deep elf blademaster
  8895 | D        | Killed a deep elf blademaster
  8896 | D        | Killed a deep elf blademaster
  8903 | D        | Killed a deep elf blademaster
  9112 | D        | Lost mutation: Your spells are a little harder to cast, but
                  | a little more powerful. [potion of mutation]
  9112 | D        | Lost mutation: You possess an exceptional clarity of mind.
                  | [potion of mutation]
  9112 | D        | Lost mutation: You are frail. (-10% HP) [potion of
                  | mutation]
  9112 | D        | Gained mutation: You occasionally lose the ability to read
                  | scrolls when taking damage. [potion of mutation]
  9113 | D        | Lost mutation: Your mind is acute. (Int +4, Str/Dex -1)
                  | [potion of mutation]
  9113 | D        | Lost mutation: You are resistant to electric shocks.
                  | (rElec) [potion of mutation]
  9113 | D        | Lost mutation: You occasionally lose the ability to read
                  | scrolls when taking damage. [potion of mutation]
  9113 | D        | Gained mutation: Your magical capacity is very low. (-20%
                  | MP) [potion of mutation]
  9114 | D        | Lost mutation: Your magical capacity is very low. (-20% MP)
                  | [potion of mutation]
  9114 | D        | Lost mutation: Your magical capacity is low. (-10% MP)
                  | [potion of mutation]
  9114 | D        | Gained mutation: Your natural rate of healing is unusually
                  | fast. [potion of mutation]
  9114 | D        | Gained mutation: You have a pair of large horns on your
                  | head. [potion of mutation]
  9114 | D        | Gained mutation: Your spells are a little harder to cast,
                  | but a little more powerful. [potion of mutation]
  9155 | D        | Noticed a Killer Klown
  9175 | D        | Killed a Killer Klown
  9194 | D        | Noticed an Orb Guardian
  9194 | D        | Noticed an Orb Guardian
  9198 | D        | Killed an Orb Guardian
  9200 | D        | Killed an Orb Guardian
  9203 | D        | Slain by a frost giant

Illustrated notes

Levels and vault maps discovered:
D:        dungeon_sprint_mu [sprint_mu_entry_forest, sprint_mu_temple_rooms,
          sprint_mu_d1_horrors, sprint_mu_d2_genie, sprint_mu_d3_branching,
          sprint_mu_orc_legion, sprint_mu_elf_gauntlet, sprint_mu_hive_nellie,
          sprint_mu_lair_fedhas, sprint_mu_vaults_butterflies,
          sprint_mu_slime_circle, sprint_mu_shoals_archi,
          sprint_mu_snake_twists, sprint_mu_blade_basic,
          sprint_mu_crypt_chambers, sprint_mu_tomb_spiral,
          sprint_mu_vestibule_basic, sprint_mu_gehenna_hellfire,
          sprint_mu_dis_giant, sprint_mu_tartarus_statrot,
          sprint_mu_cocytus_islands, sprint_mu_zot1]

Skill      XL: |  1  2  3  4  5  6  7  8  9 10 11 12 13 14 15 16 |
---------------+-------------------------------------------------+-----
Unarmed Combat | 6 8 9 11 12 15 18 20 22 25 26 27 | 27.0
Dodging        | 3 4 5 6 7 9 10 11 | 11.2
Shapeshifting  | 4 5 6 7 8 9 10 13 17 18 22 27 | 27.0
Fighting       | 2 3 6 8 9 11 17 20 22 26 | 26.3
Stealth        | 1 2 3 5 6 |  6.9
Armour         | 7 8 |  8.9
Throwing       | |  0.6

Action                     |  1- 3 |  4- 6 |  7- 9 | 10-12 | 13-15 | 16-18 || total
---------------------------+-------+-------+-------+-------+-------+-------++-------
  Melee: Unarmed           |    13 |    25 |    68 |   204 |   349 |    48 ||   707
         Headbutt          |     3 |     4 |    16 |    35 |    46 |       ||   104
         Punch             |       |     1 |     4 |    21 |    46 |     7 ||    79
  Throw: Dart              |       |       |       |     1 |       |       ||     1
 Invoke: Potion Petition   |       |       |     3 |     2 |     2 |       ||     7
         Call Merchant     |       |       |       |     2 |     6 |       ||     8
Ability: Blinkbolt         |       |       |       |       |     5 |       ||     5
  Evoke: Wand              |       |       |       |       |     1 |       ||     1
    Use: Potion            |       |     3 |     3 |     3 |       |     3 ||    12
         Scroll            |       |       |       |     8 |     8 |       ||    16
   Stab: Sleeping          |     1 |       |     1 |     8 |    19 |       ||    29
         Distracted        |       |       |     1 |     2 |     4 |       ||     7
         Invisible         |       |       |       |     3 |       |       ||     3
 Armour: Animal skin       |     6 |     3 |    57 |    20 |       |       ||    86
         Skin              |       |     4 |       |   108 |   308 |    12 ||   432
         Scale mail        |       |       |       |     9 |       |       ||     9
  Dodge: Dodged            |     7 |     2 |    30 |   125 |   252 |    31 ||   447
   Form: Flux              |       |       |     2 |       |     1 |       ||     3
         Beast             |       |       |     1 |     1 |       |       ||     2
         Statue            |       |       |       |     1 |     1 |       ||     2
                           |       |       |       |       |     1 |       ||     1
         Storm             |       |       |       |       |     1 |       ||     1

Table legend: (Time is in decaauts) A = Elapsed time spent in this place. B = Non-inter-level travel time spent in this place. C = Inter-level travel time spent in this place. D = Time resting spent in this place. E = Time spent auto-exploring this place. F = Levels seen in this place. G = Mean time per level. A B C D E F G +--------+--------+--------+--------+--------+-----+--------+ Total | 10198 | 9557 | 641 | 5667 | 0 | 1 | 10198.0 | Dungeon | 10198 | 9557 | 641 | 5667 | 0 | 1 | 10198.0 | +--------+--------+--------+--------+--------+-----+--------+

Top non-repeatable levels by time:
       D: 10198 daAuts
